 Dungeon Crawl Stone Soup version 0.31-a0-354-g827e0957a7 (webtiles) character file.

Game seed: 6487984778421014863

2296 perezv8180 the Fighter (level 9, -1/84 HPs)
             Began as a Red Draconian Shapeshifter on July 23, 2023.
             Slain by a yak (2 damage)
             ... on level 6 of the Dungeon.
             The game lasted 00:36:09 (5937 turns).

perezv8180 the Fighter (Red Draconian Shapeshifter) Turns: 5937, Time: 00:36:09

Health: -1/84      AC:  7    Str: 26    XL:     9   Next: 17%
Magic:  9/9        EV: 12    Int: 12    God:
Gold:   352        SH:  0    Dex: 12    Spells: 8/8 levels left

rFire   + + .        u - +5 great sword
rCold   x . .        (shield currently unavailable)
rNeg    . . .        (body armour unavailable)
rPois   +            (helmet currently unavailable)
rElec   .            A - melded +2 cloak
rCorr   .            (gloves currently unavailable)
SInv    .            (boots currently unavailable)
Will    ++...        (no amulet)
Stlth   +            c - ring of willpower
HPRegen 0.34/turn    h - ring of Zouvu Nie {rPois rF+ rC- Str+5 Int+3}
MPRegen 0.11/turn

%: no passive effects
@: beast-form, enlightened, flying
A: beast (slay +3), breathe fire, AC +7, unfitting armour, fire resistance 1,
cold-blooded
a: Breathe Fire, Begin Untransformation


You were on level 6 of the Dungeon.
You were a hulking beast.
You visited 2 branches of the dungeon, and saw 9 of its levels.

You collected 352 gold pieces.

Inventory:

Hand Weapons
 d - a +0 dagger
 k - a +0 whip
 n - a +0 halberd of protection
 u - a +5 great sword (weapon)
 v - a +0 battleaxe
 z - a +4 mace
Missiles
 m - 2 throwing nets
Armour
 f - a scarf of invisibility
 l - a +1 pair of boots
 A - a +2 cloak (melded)
Jewellery
 c - a ring of willpower (left hand)
 h - the ring of Zouvu Nie (right hand) {rPois rF+ rC- Str+5 Int+3}
   (You found it on level 2 of the Dungeon)

   [ring of poison resistance]

   Str:       It affects your strength (+5).
   Int:       It affects your intelligence (+3).
   rF:        It protects you from fire.
   rC:        It makes you vulnerable to cold.
   rPois:     It protects you from poison.
Talismans
 b - a beast talisman
Wands
 t - a wand of mindburst (3)
 B - a wand of flame (12)
Scrolls
 g - a scroll of acquirement
 i - 2 scrolls of noise
 p - 4 scrolls of identify
 s - 2 scrolls of silence
Potions
 a - 2 potions of lignification
 j - a potion of cancellation
 o - a potion of enlightenment


   Skills:
 * Level 9.5 Fighting
 + Level 0.3 Long Blades
 - Level 1.8 Dodging
 - Level 8.1 Unarmed Combat
 - Level 4.6 Shapeshifting


You had 8 spell levels left.
You didn't know any spells.
Your spell library contained the following spells:

 Spells                   Type           Power      Damage    Failure   Level
 Magic Dart               Conj           0%         1d3       32%         1
 Shock                    Conj/Air       0%         1d3       32%         1
 Call Imp                 Summ           0%         N/A       45%         2
 Sublimation of Blood     Necr           0%         N/A       45%         2
 Wereblood                Tmut           0%         N/A       45%         2
 Mephitic Cloud           Conj/Pois/Air  0%         N/A       69%         3
 Swiftness                Air            0%         N/A       69%         3
 Airstrike                Air            0%         2d(0-16)  97%         4
 Summon Hydra             Summ           0%         N/A       100%        7


Dungeon Overview and Level Annotations

Branches:
Dungeon (8/15)             Temple (1/1) D:6
   Lair: D:8-11

Altars:
Ashenzari
Dithmenos
Elyvilon
Fedhas
Gozag
Hepliaklqana
Kikubaaqudgha
Makhleb
Nemelex Xobeh
Okawaru
Ru
Sif Muna
Trog
Uskayaw
Vehumet
Wu Jian
Xom
Zin
The Shining One

Annotations:
D:4 Pikel
D:8 Amaemon


Innate Abilities, Weirdness & Mutations

You are a hulking beast.
Your limbs bulge with bestial killing power. (Slay +3)
You can breathe blasts of fire.
Your fiery red scales are hard. (AC +7)
You cannot fit into any form of body armour.
Your flesh is heat resistant. (rF+)
You are cold-blooded and may be slowed by cold attacks.


Message History

The killer bee stings you!
* * * LOW HITPOINT WARNING * * *
You closely miss the killer bee. You tail-slap the killer bee.
The killer bee is severely wounded.
You have got your breath back.
The killer bee stings you but does no damage.
The killer bee stings you!
* * * LOW HITPOINT WARNING * * *
The killer bee stings you but does no damage.
You miss the killer bee. You tail-slap the killer bee.
The killer bee is almost dead.
The killer bee stings you.
* * * LOW HITPOINT WARNING * * *
You are poisoned.
The killer bee poisons you! The killer bee closely misses you.
The killer bee misses you.
You barely miss the killer bee.
The killer bee is almost dead.
* * * LOW HITPOINT WARNING * * *
You feel very sick. The killer bee closely misses you.
The killer bee barely misses you. x2
The killer bee closely misses you.
You slash the killer bee!
You kill the killer bee!
You feel very sick.
You feel sick. The yak attacks as you move away! The yak gores you.
* * * LOW HITPOINT WARNING * * *
x2 You feel sick.
* * * LOW HITPOINT WARNING * * *
You feel sick.
You feel very buoyant.
You fly up into the air.
* * * LOW HITPOINT WARNING * * *
You feel sick. The yak closely misses you.
* * * LOW HITPOINT WARNING * * *
You feel sick.
You are no longer poisoned.
The yak attacks as you move away! The yak gores you.
You die...

#.# #.# #.# #####
#.######...######
#.#..yYh........#
#####.#.####.#.####.########
#.#...P.#(#...................
#.#.....#†#.##...........#####
#...P>P......#...####.##.#
#.#P....#>#..#...........#
####.#..........(..####...#.##
.....##.###.....##...........#
................##...##...#..####


You could see a yak and a killer bee.

Vanquished Creatures
  Sigmund (D:6)
  2 yaks
  An ice beast (D:6)
  An orc warrior (D:7)
  2 ogres
  A phantom (D:7)
  A lemure (D:4)
  3 bullfrogs
  2 scorpions
  3 wights (D:6)
  4 killer bees (D:6)
  3 howler monkeys (D:8)
  5 hounds
  An orc priest (D:7)
  A sleepcap (D:5)
  5 iguanas
  Ijyb (D:3)
  2 orc wizards
  6 adders
  9 gnolls
  3 white imps
  2 ufetubi
  A dart slug (D:2)
  15 orcs
  4 bats
  6 endoplasms
  A giant cockroach (D:1)
  13 goblins
  9 hobgoblins
  5 jackals
  6 kobolds
  3 quokkas
  5 ball pythons
  6 frilled lizards
  3 rats
136 creatures vanquished.

Notes
Turn   | Place    | Note
-------+----------+-------------------------------------------
     0 | D:1      | perezv8180 the Draconian Shapeshifter began the quest for
                  | the Orb.
     0 | D:1      | Reached XP level 1. HP: 16/16 MP: 1/1
    54 | D:1      | Reached XP level 2. HP: 23/23 MP: 2/2
   465 | D:1      | Reached skill level 2 in Fighting
   639 | D:2      | Reached XP level 3. HP: 28/29 MP: 3/3
   685 | D:2      | Identified the ring of Zouvu Nie {rPois rF+ rC- Str+5
                  | Int+3}
  1009 | D:2      | Reached XP level 4. HP: 31/37 MP: 4/4
  1090 | D:2      | Reached skill level 3 in Fighting
  1703 | D:3      | Noticed Ijyb
  1844 | D:3      | Reached XP level 5. HP: 41/45 MP: 5/5
  1963 | D:3      | Reached skill level 4 in Fighting
  2189 | D:3      | Killed Ijyb
  2352 | D:4      | Noticed a lemure
  2352 | D:4      | Noticed a lemure
  2415 | D:4      | Noticed a lemure
  2417 | D:4      | Noticed Pikel
  2418 | D:4      | Noticed a lemure
  2421 | D:4      | Reached XP level 6. HP: 53/53 MP: 6/6
  2551 | D:4      | You fall into a shaft and drop 1 floor!
  2551 | D:5      | Entered Level 5 of the Dungeon
  2565 | D:5      | Found a broken altar of Ashenzari.
  3208 | D:5      | Reached skill level 5 in Fighting
  3394 | D:5      | Your scales start taking on a fiery red colour.
  3394 | D:5      | Reached XP level 7. HP: 60/62 MP: 7/7
  3394 | D:5      | Gained mutation: Your flesh is heat resistant. (rF+) [Red
                  | Draconian growth]
  3652 | D:6      | Noticed Sigmund
  3670 | D:6      | Killed Sigmund
  3671 | D:6      | Reached skill level 6 in Fighting
  3671 | D:6      | Reached skill level 5 in Unarmed Combat
  3916 | D:6      | Reached skill level 7 in Fighting
  3923 | D:6      | Reached XP level 8. HP: 25/73 MP: 8/8
  3980 | D:6      | Found a staircase to the Ecumenical Temple.
  3986 | Temple   | Entered the Ecumenical Temple
  4404 | D:7      | Reached skill level 8 in Fighting
  4449 | D:7      | Identified 2 scrolls of acquirement
  4449 | D:7      | Acquired a scarf of invisibility
  5404 | D:8      | Noticed Amaemon
  5405 | D:8      | Noticed an orange demon
  5473 | D:8      | Reached skill level 9 in Fighting
  5477 | D:8      | Reached XP level 9. HP: 81/83 MP: 9/9
  5482 | D:8      | Found a radiant altar of Vehumet.
  5932 | D:6      | HP: 4/84 [yak (3)]
  5935 | D:6      | HP: 1/84 [poisoned by a killer bee]
  5937 | D:6      | Slain by a yak

Illustrated notes

Levels and vault maps discovered:
D:1:      wander_arrival_fairy_ring, layout_loops_ring
D:2:      layout_basic
D:3:      layout_loops_ring, hangedman_decor_riveting, cheibrodos_gnoll_hut,
          uniq_ijyb
D:4:      layout_gridville, uniq_pikel
D:5:      layout_cave_pools, nicolae_overflow_crystal_walls,
          minmay_ogre_servants
D:6:      layout_loops_ring, minmay_temple_entry_overgrown, uniq_sigmund
D:7:      layout_rooms, dk_noncrumbling_2
D:8:      layout_cave_pools, vehumet_altar_wand_db,
          chequers_serial_rivers_large_a, uniq_amaemon
Temple:   minmay_temple_bridge_d

Skill      XL: |  1  2  3  4  5  6  7  8  9 |
---------------+----------------------------+-----
Fighting       | 2 3 4 5 7 9 |  9.5
Shapeshifting  | 4 |  4.6
Unarmed Combat | 4 5 7 8 |  8.1
Long Blades    | |  0.3
Dodging        | |  1.8

Action                     |  1- 3 |  4- 6 |  7- 9 || total
---------------------------+-------+-------+-------++-------
  Melee: Unarmed           |    83 |    85 |   170 ||   338
         Tailslap          |    13 |    23 |    32 ||    68
         Punch             |     1 |     3 |     3 ||     7
         Whip              |       |    60 |       ||    60
         Great sword       |       |       |     8 ||     8
Ability: Breathe Fire      |       |       |     8 ||     8
    Use: Scroll            |       |     4 |    11 ||    15
         Potion            |       |       |     5 ||     5
   Stab: Sleeping          |     1 |     1 |       ||     2
 Armour: Skin              |    24 |    43 |    59 ||   126
  Dodge: Dodged            |    50 |    78 |   152 ||   280
         Form:             |       |     1 |     2 ||     3
         Beast             |       |     1 |     2 ||     3

Table legend: (Time is in decaauts)
 A = Elapsed time spent in this place.
 B = Non-inter-level travel time spent in this place.
 C = Inter-level travel time spent in this place.
 D = Time resting spent in this place.
 E = Time spent auto-exploring this place.
 F = Levels seen in this place.
 G = Mean time per level.
                   A        B        C        D        E       F      G
               +--------+--------+--------+--------+--------+-----+--------+
         Total |   5904 |   5799 |    105 |   1049 |   2043 |   9 |  656.0 |
       Dungeon |   5785 |   5680 |    105 |    932 |   2043 |   8 |  723.1 |
        Temple |    118 |    118 |      0 |    117 |      0 |   1 |  118.0 |
               +--------+--------+--------+--------+--------+-----+--------+

Top non-repeatable levels by time:
     D:7: 1458 daAuts
     D:2: 1026 daAuts
     D:3: 734 daAuts
     D:4: 671 daAuts
     D:1: 654 daAuts
     D:5: 648 daAuts
     D:6: 522 daAuts
  Temple: 118 daAuts
     D:8: 69 daAuts
